 Dungeon Crawl Stone Soup: Circus Animals version 1.7-37-g2c94cca (webtiles) character file.

7779 Ihatecarrots00 the Cleaver (level 16, -19/489 HPs) *EASY*
             Began as a Minotaur Berserker on Sept 1, 2016.
             Was the Champion of Trog.
             Demolished by a cyclops (20 damage)
             ... on level 6 of the Orcish Mines on Sept 2, 2016.
             The game lasted 01:20:39 (25578 turns).

Ihatecarrots00 the Cleaver (Minotaur Berserker)    Turns: 25578, Time: 01:20:39

Health: -19/489    AC: 17    Str: 38    XL:     16   Next: 16%
Magic:  75/75      EV: 11    Int:  4    God:    Trog [******]
Gold:   2492       SH:  0    Dex: 13    Spells: 0 memorised, 15 levels left

rFire  . . .     rPois    .     m - +2 triple sword (elec)
rCold  . . .     rElec    .     s - +4 chain mail
rNeg   . . .     rCorr    .     (shield currently unavailable) MagicSh . . . SeeInvis .
                                (helmet restricted) StaminaSh . . . Faith .
                                (no cloak) RegenHP +++++++...
SustAt .                        (no gloves) RegenSP +++....... Dismiss .
                                (no boots) RegenMP +++....... Reflect .
                                (no amulet)
MR     +....     Harm     .     (no ring)
Stlth  ..........               (no ring)

@: berserking, very quick, somewhat resistant to hostile enchantments, extremely
unstealthy
A: retaliatory headbutt, horns 2, agile 1, reduced EV 1
a: Berserk, Trog's Hand, Brothers in Arms, Burn Spellbooks, Renounce Religion


You were on level 6 of the Orcish Mines.
You worshipped Trog.
Trog was exalted by your worship.
You were not hungry.

You visited 3 branches of the dungeon, and saw 20 of its levels.

You collected 4022 gold pieces.
You spent 1530 gold pieces at shops.

Inventory:

Hand Weapons
 a - a +2 vampiric battleaxe
 b - a +2 battleaxe of chopping
 c - a +1 antimagic executioner's axe
 d - a +3 antimagic lajatang
 m - a +2 triple sword of electrocution (weapon)
 p - a +4 quarterstaff of chaos
 x - the +7 lajatang of Order {silver, rMut}
   (You found it on level 5 of the Dungeon)

   It protects you from mutation.
 C - the +11 battleaxe "Iradu" {drain, rElec Int+3}
   (Trog gifted it to you on level 6 of the Dungeon)

   A truly terrible weapon, it drains the life of those it strikes.
   It affects your intelligence (+3).
   It insulates you from electricity.
 H - a +5 antimagic quarterstaff
 K - the +2 quarterstaff of Zustigh {crush, *Drain rF+ Int+6}
   (You found it on level 2 of the Lair of Beasts)

   It inflicts extra damage upon your enemies.
   It affects your intelligence (+6).
   It protects you from fire.
   It causes draining when unequipped.
 V - a +5 short sword of draining
 Z - a +6 antimagic executioner's axe
Armour
 i - a +0 large shield
 l - a +0 naga barding
 s - a +4 chain mail (worn)
 E - a +2 shield
Jewellery
 f - an uncursed amulet of rage
 g - an uncursed amulet of magic regeneration
 h - an uncursed amulet of stamina shield
 j - a cursed -2 ring of intelligence
 k - an uncursed ring of see invisible
 v - an uncursed ring of fire
 y - a +4 ring of intelligence
 A - the ring of Vyl Roif {Wiz rPois, unknown}
   (You found it on level 5 of the Dungeon)

   [ring of wizardry]

   It improves your spell success rate.
   It protects you from poison.
 G - an uncursed amulet of stamina regeneration {unknown}
 I - an uncursed ring of ice {unknown}
 L - an uncursed ring of positive energy {unknown}
 M - an uncursed ring of positive energy {unknown}
 O - a cursed ring of teleportation {unknown}
 Q - a cursed -4 ring of intelligence
 S - an uncursed ring of stealth {unknown}
 T - an uncursed amulet of harm {unknown}
 W - an uncursed ring of stamina {unknown}
 X - an uncursed ring of protection from magic {unknown}
 Y - a cursed ring of loudness {unknown}
Wands
 o - a wand of teleportation (5/18)
 r - a wand of digging (21/72)
 t - a wand of iceblast (13/30)
 w - a wand of lightning (35/60)
 z - a wand of confusion (53/96)
 D - a wand of paralysis (19/48)
 F - a wand of flame (157/384)
 J - a wand of disintegration (10/24)
 N - a wand of acid (15/10)
 P - a wand of slowing (35/96)
Scrolls
 a - a scroll of magic mapping
 e - 7 scrolls of random uselessness
 m - 15 scrolls of identify
 p - 4 scrolls of noise
 s - 4 scrolls of immolation
 v - 2 scrolls of fog
 w - 5 scrolls of blinking
 z - 5 scrolls of remove curse
 C - a scroll of enchant weapon
 F - a scroll of silence
Potions
 b - 12 potions of stamina
 c - 12 potions of magic
 d - 4 potions of agility
 f - 4 potions of haste
 g - 4 potions of flight
 h - 9 potions of degeneration {unknown}
 i - 6 potions of cure mutation {unknown}
 j - 10 potions of might {unknown}
 k - 2 potions of resistance {unknown}
 l - 16 potions of curing
 n - 4 potions of brilliance {unknown}
 o - 4 potions of mutation {unknown}
 q - 6 potions of lignification
 r - 4 potions of cancellation {unknown}
 t - 2 potions of berserk rage
 A - 5 potions of invisibility {unknown}
 E - 5 potions of ambrosia {unknown}
 I - 2 potions of beneficial mutation {unknown}
Books
 u - a book of Party Tricks

   Spells                             Type                      Level
   a - Summon Butterflies             Summoning/Air                1
   b - Apportation                    Translocation                1
   c - Tukima's Dance                 Hexes/Summoning              3
   d - Alistair's Intoxication        Hexes/Transmutation/Poison   5
   e - Invisibility                   Charms/Transmutation/Darkness 6
   Trog disapproves of the use of such an item.
 x - a book of Power

   Spells                             Type                      Level
   a - Fulminant Prism                Conjuration/Hexes/Time       4
   b - Iskenderun's Mystic Blast      Conjuration/Ice              4
   c - Venom Bolt                     Conjuration/Poison           5
   d - Bolt of Magma                  Conjuration/Fire/Earth       5
   e - Iron Shot                      Conjuration/Earth            6
   f - Orb of Destruction             Conjuration                  7
   g - Spellforged Servitor           Conjuration/Summoning/Time   7
   Trog disapproves of the use of such an item.
 y - a Necronomicon

   Spells                             Type                      Level
   a - Haunt                          Necromancy/Summoning         7
   b - Borgnjor's Revivification      Necromancy                   8
   c - Death's Door                   Charms/Necromancy/Time       8
   d - Infestation                    Necromancy                   8
   e - Necromutation                  Transmutation/Necromancy     8
   Trog disapproves of the use of such an item.
 B - a book of Radiance

   Spells                             Type                      Level
   a - Fireball                       Conjuration/Fire/Light       5
 b - Dispel Undead Transmutation/Necromancy/Light5
 c - Iskenderun's Battlesphere Conjuration/Charms/Light 5
 d - Irradiate Conjuration/Light 5 Trog disapproves of the use of such an item.
 H - a book of Cantrips

   Spells                             Type                      Level
   a - Confusing Touch                Darkness                     1
   b - Animate Skeleton               Necromancy                   1
   c - Summon Small Mammal            Summoning                    1
   d - Apportation                    Translocation                1
   Trog disapproves of the use of such an item.
 J - a book of Minor Magic

   Spells                             Type                      Level
   a - Magic Dart                     Conjuration                  1
   b - Blink                          Translocation                2
   c - Call Imp                       Summoning/Darkness           2
   d - Repel Missiles                 Charms/Air                   2
   e - Slow                           Hexes/Time                   2
   f - Conjure Flame                  Conjuration/Fire             3
   g - Mephitic Cloud                 Conjuration/Poison/Air       3
   Trog disapproves of the use of such an item.
 K - a book of Minor Magic

   Spells                             Type                      Level
   a - Magic Dart                     Conjuration                  1
   b - Blink                          Translocation                2
   c - Call Imp                       Summoning/Darkness           2
   d - Repel Missiles                 Charms/Air                   2
   e - Slow                           Hexes/Time                   2
   f - Conjure Flame                  Conjuration/Fire             3
   g - Mephitic Cloud                 Conjuration/Poison/Air       3
   Trog disapproves of the use of such an item.
Miscellaneous
 e - a phial of floods
 R - a phial of floods
 U - a lamp of fire


   Skills:
 + Level 12.1 Fighting
 + Level 12.2 Axes
 + Level 11.5 Armour
 + Level 10.4 Dodging


You had 15 spell levels left.
You didn't know any spells.

Dungeon Overview and Level Annotations

Branches:
Dungeon (7/7)               Dwarf (0/4) Orc:5           Elf (0/4) Orc:2
   Lair (7/7) D:7             Orc (6/7) Lair:7       Shoals (0/4) Lair:4
  Snake (0/4) Lair:6       Spider (0/4) Orc:5         Swamp (0/4) Lair:4

Altars:
Cheibriados
Gozag
Nemelex Xobeh
Trog
Vehumet
Beogh

Shops:
D:4 (   Orc:5 *

Annotations:
Orc:6 Nergalle


Innate Abilities, Weirdness & Mutations

You reflexively headbutt those who attack you in melee.
You have a pair of horns on your head.
You are agile. (Dex +2)
You have somewhat slow reflexes. (EV -3)


Message History

* * * LOW HITPOINT WARNING * * *; The ettin completely misses you.
You completely miss the warg. Your headbutt misses the warg.
The orc wizard completely misses you.
You riposte.
You completely miss the orc wizard. You headbutt the orc wizard. (mon hp-4)
You feel the power of Trog in you as your rage grows.
You kill the orc wizard!
Trog accepts your kill.
Trog appreciates your killing of a magic user.
The orc warrior closely misses you. You furiously retaliate!
You headbutt the orc warrior, but do no damage.
The warg bites you. (hp-1)
* * * LOW HITPOINT WARNING * * *; The gnoll completely misses you.
The gnoll hits you but does no damage. x2
You miss the warg.
The orc wizard gestures wildly while chanting.
The orc wizard blinks!
The orc closely misses you.
You riposte.
You completely miss the orc. The warg bites you. (hp-2)
* * * LOW HITPOINT WARNING * * *; The ettin hits you with a dire flail!! (hp-18)
* * * LOW HITPOINT WARNING * * *
The ettin hits you with a dire flail of crushing!! (hp-20)
* * * LOW HITPOINT WARNING * * *; (hp-5)
* * * LOW HITPOINT WARNING * * *; The cyclops hits you!! (hp-20)
You die...

### ##..###
##.$...##
##.......##
##.........# .
#...$.g.og.##...
......gCgCC.....
......go@hoO....
...o..§ooog4....
......#{ho......
.....###.$......
....# .........
.... .........
... .....$>.. ..
...$......


You could see an orc knight, an ettin, Nergalle, 2 cyclopes, a rust devil, 2
wargs, an orc sorcerer, an orc warrior, an ogre, a gnoll shaman, an orc wizard,
5 gnolls and 3 orcs.

Vanquished Creatures
  2 orc warlords (Orc:5)
  3 stone giants
  A fire dragon (Lair:7)
  Snorg (Lair:4)
  9 hydras
  An ogre mage (Orc:5)
  13 death yaks
  9 orc high priests
  2 lindwurms (Lair:7)
  6 griffons
  4 orc knights
  3 orc sorcerers
  2 deep elf magi (Orc:1)
  30 elephants
  5 cyclopes (Orc:5)
  A guardian serpent (Lair:6)
  7 torpor snails (Lair:7)
  13 black mambas
  27 spiny frogs
  7 komodo dragons
  4 giant leeches (Lair:7)
  3 rime drakes
  A boulder beetle (Lair:6)
  A jumping spider (Orc:5)
  A snapping turtle (Lair:4)
  7 trolls
  10 polar bears
  2 redbacks (Orc:5)
  2 raiju (Lair:7)
  10 two-headed ogres (Orc:5)
  46 blink frogs
  A spriggan (D:7)
  18 yaks
  A hungry ghost (D:7)
  A basilisk (Lair:5)
  5 hippogriffs
  A wyvern (Lair:6)
  A phantom (D:5)
  20 wargs
  13 black bears (Lair:7)
  8 hell hounds (Lair:7)
  Eustachio (D:4)
  18 water moccasins
  A sky beast (D:7)
  A necrophage (D:7)
  29 ogres
  8 crocodiles
  A big kobold (D:7)
  40 orc warriors
  10 porcupines
  A swamp drake (Orc:1)
  4 wasps (Lair:7)
  3 centaurs
  20 wolves
  19 giant frogs
  A scorpion (D:4)
  A giant frog zombie (D:5)
  A centaur skeleton (D:4)
  A giant frog skeleton (D:5)
  3 crimson imps
  3 electric eels
  2 dart slugs
  16 hounds
  2 howler monkeys (D:7)
  2 jellies (D:5)
  30 orc priests
  49 orc wizards
  3 wights (D:6)
  Crazy Yiuf (D:3)
  8 giant geckos
  A gnoll shaman (Orc:5)
  13 iguanas
  232 orcs
  39 sheep
  5 worker ants
  12 adders
  5 ball pythons
  17 giant cockroaches
  9 gnolls
  20 hobgoblins
  An iron imp (Orc:1)
  24 jackals
  19 kobolds
  7 quokkas
  58 river rats
  2 shadow imps
  A white imp (Orc:1)
  An adder skeleton (D:6)
  An adder zombie (D:5)
  16 bats
  14 giant newts
  14 goblins
  A hound skeleton (D:5)
  A howler monkey skeleton (D:6)
  A jackal skeleton (D:6)
  An ooze (D:5)
  3 quokka skeletons
  A quokka zombie (D:6)
  9 rats
  A worker ant zombie (D:7)
  19 worms
  21 fungi
  25 plants
1175 creatures vanquished.

Vanquished Creatures (others)
  An ogre mage (Orc:4)
  An orc priest (Orc:1)
  An orc wizard (Orc:5)
  2 orcs (Orc:1)
  2 fungi (Lair:7)
  12 plants (Lair:7)
19 creatures vanquished.

Grand Total: 1194 creatures vanquished

Notes
Turn   | Place    | Note
-------+----------+-------------------------------------------
     0 | D:1      | Ihatecarrots00 the Minotaur Berserker began the quest for the Orb.
     0 | D:1      | Reached XP level 1. HP: 39/39 MP: 75/75
   165 | D:1      | Reached skill level 5 in Axes
   175 | D:1      | Reached XP level 2. HP: 51/51 MP: 75/75
   227 | D:1      | Reached XP level 3. HP: 59/63 MP: 75/75
   246 | D:1      | Reached ** piety under Trog
   508 | D:1      | Reached XP level 4. HP: 67/76 MP: 75/75
   730 | D:1      | Reached *** piety under Trog
  1568 | D:2      | Reached **** piety under Trog
  2134 | D:3      | Reached XP level 5. HP: 88/88 MP: 75/75
  2663 | D:3      | Found a runed door.
  2667 | D:3      | Noticed Crazy Yiuf
  2671 | D:3      | Paralysed by Crazy Yiuf for 5 turns
  2677 | D:3      | Killed Crazy Yiuf
  2744 | D:4      | Reached ***** piety under Trog
  2875 | D:4      | Found Zajiew's Weapon Shoppe.
  3137 | D:4      | Found a radiant altar of Vehumet.
  3381 | D:4      | Noticed Eustachio
  3393 | D:4      | Killed Eustachio
  4663 | D:5      | Entered Level 5 of the Dungeon
  4949 | D:5      | Noticed a troll
  4949 | D:5      | Reached skill level 5 in Fighting
  4949 | D:5      | Reached XP level 6. HP: 100/100 MP: 75/75
  5668 | D:5      | Got a faintly glowing silver ring
  5679 | D:5      | Found an opulent altar of Gozag.
  6516 | D:5      | Identified a scroll of acquirement
  7117 | D:6      | Reached XP level 7. HP: 106/112 MP: 75/75
  7180 | D:6      | Received a gift from Trog
  7205 | D:6      | Got a warped battleaxe {god gift}
  7206 | D:6      | Identified the +11 battleaxe "Iradu" {drain, rElec Int+3} (Trog gifted it to you on level 6 of the Dungeon)
  7329 | D:6      | Found a snail-covered altar of Cheibriados.
  7443 | D:6      | Found a sparkling altar of Nemelex Xobeh.
  7568 | D:7      | Entered Level 7 of the Dungeon
  8085 | D:7      | Found a staircase to the Lair.
  8091 | D:7      | Reached ****** piety under Trog
  8781 | D:7      | Reached XP level 8. HP: 124/124 MP: 75/75
  9161 | Lair:1   | Entered Level 1 of the Lair of Beasts
  9313 | Lair:1   | Reached skill level 5 in Armour
  9313 | Lair:1   | Reached XP level 9. HP: 106/136 MP: 75/75
  9954 | Lair:1   | Received a gift from Trog
 10927 | Lair:2   | Reached skill level 5 in Dodging
 11176 | Lair:2   | Reached XP level 10. HP: 139/148 MP: 75/75
 11219 | Lair:2   | Got an encrusted quarterstaff
 11220 | Lair:2   | Identified the cursed +2 quarterstaff of Zustigh {crush, *Drain rF+ Int+6} (You found it on level 2 of the Lair of Beasts)
 13010 | Lair:3   | Received a gift from Trog
 13367 | Lair:3   | Reached XP level 11. HP: 160/160 MP: 75/75
 13756 | Lair:4   | Noticed Snorg
 13764 | Lair:4   | Killed Snorg
 14211 | Lair:4   | Reached XP level 12. HP: 149/170 MP: 75/75
 14271 | Lair:4   | Found a staircase to the Swamp.
 15193 | Lair:4   | Found a staircase to the Shoals.
 16370 | Lair:5   | Received a gift from Trog
 17271 | Lair:6   | Reached XP level 13. HP: 70/182 MP: 75/75
 17571 | Lair:6   | Found a staircase to the Snake Pit.
 18620 | Lair:7   | Entered Level 7 of the Lair of Beasts
 18659 | Lair:7   | Received a gift from Trog
 18738 | Lair:7   | Reached skill level 10 in Axes
 18740 | Lair:7   | Reached XP level 14. HP: 185/194 MP: 75/75
 18877 | Lair:7   | Received a gift from Trog
 18887 | Lair:7   | Reached skill level 10 in Fighting
 19064 | Lair:7   | Found a runed door.
 19461 | Lair:7   | Reached skill level 10 in Armour
 19660 | Lair:7   | Found a staircase to the Orcish Mines.
 19857 | Lair:7   | Reached XP level 15. HP: 200/206 MP: 75/75
 19858 | Lair:7   | Received a gift from Trog
 20476 | Lair:7   | Received a gift from Trog
 21822 | Orc:1    | Entered Level 1 of the Orcish Mines
 21830 | Orc:1    | Received a gift from Trog
 21934 | Orc:1    | Found a radiant altar of Vehumet.
 22160 | Orc:1    | Received a gift from Trog
 23119 | Orc:2    | Found a bloodstained altar of Trog.
 23184 | Orc:2    | Found a staircase to the Elven Halls.
 23404 | Orc:3    | Received a gift from Trog
 23909 | Orc:3    | Received a gift from Trog
 24149 | Orc:4    | Found a roughly hewn altar of Beogh.
 24210 | Orc:4    | Found a roughly hewn altar of Beogh.
 24507 | Orc:5    | Received a gift from Trog
 24596 | Orc:5    | Reached skill level 10 in Dodging
 24659 | Orc:5    | Found a hole to the Spider Nest.
 24699 | Orc:5    | Received a gift from Trog
 24771 | Orc:5    | Reached XP level 16. HP: 71/221 MP: 25/75
 24885 | Orc:5    | Found Tiurph's Assorted Antiques.
 24907 | Orc:5    | Bought a scroll of magic mapping for 105 gold pieces
 24907 | Orc:5    | Bought a phial of floods for 1200 gold pieces
 24907 | Orc:5    | Bought a scroll of enchant weapon for 225 gold pieces
 25139 | Orc:5    | Received a gift from Trog
 25368 | Orc:5    | Found a staircase to the Dwarven Fortress.
 25490 | Orc:5    | Gained mutation: You have somewhat slow reflexes. (EV -3) [a neqoxec]
 25496 | Orc:5    | Gained mutation: You are agile. (Dex +2) [a neqoxec]
 25569 | Orc:6    | Noticed Nergalle
 25576 | Orc:6    | HP: 44/489 [ettin/dire flail (15)]
 25578 | Orc:6    | HP: 6/489 [ettin/dire flail (20)]
 25578 | Orc:6    | HP: 1/489 [ettin/dire flail (5)]
 25578 | Orc:6    | Demolished by a cyclops

Skill      XL: |  1  2  3  4  5  6  7  8  9 10 11 12 13 14 15 16 |
---------------+-------------------------------------------------+-----
Axes           | 5 6 7 8 9 10 12 | 12.2
Armour         | 3 4 5 6 7 8 9 10 11 | 11.5
Dodging        | 3 4 5 6 7 8 9 10 | 10.4
Fighting       | 5 6 7 8 9 10 11 12 | 12.1

Action                   |  1- 3 |  4- 6 |  7- 9 | 10-12 | 13-15 | 16-18 || total
-------------------------+-------+-------+-------+-------+-------+-------++-------
Melee: Hand axe          |    63 |   146 |       |       |       |       ||   209
       Headbutt          |    13 |    78 |    31 |    58 |   206 |    45 ||   431
       Short sword       |       |    39 |       |       |       |       ||    39
       Falchion          |       |   148 |       |       |       |       ||   148
       Quarterstaff      |       |     5 |       |    66 |       |       ||    71
       Lajatang          |       |    89 |    31 |       |       |       ||   120
       Battleaxe         |       |       |   242 |   315 |   714 |       ||  1271
       Executioner's axe |       |       |       |       |   375 |    57 ||   432
       Triple sword      |       |       |       |       |       |    98 ||    98
Invok: Berserk           |       |       |       |     1 |     4 |     1 ||     6
       Burn Spellbooks   |       |       |       |       |     1 |       ||     1
Evoke: Wand              |       |       |       |       |     6 |       ||     6
  Use: Scroll            |     3 |     6 |       |    15 |    17 |       ||    41
       Potion            |       |       |       |       |    12 |       ||    12
 Stab: Sleeping          |       |     1 |       |       |     2 |       ||     3
       Confused          |       |       |       |       |     1 |       ||     1
Armor: Animal skin       |     4 |       |       |       |       |       ||     4
       Leather armour    |     6 |       |       |       |       |       ||     6
       Ring mail         |       |    53 |       |       |       |       ||    53
       Chain mail        |       |    59 |   114 |   217 |   945 |   152 ||  1487
       Scale mail        |       |    11 |       |       |       |       ||    11
Dodge: Dodged            |    52 |   172 |   167 |   297 |  1080 |   165 ||  1933
Block: Large shield      |       |    78 |       |       |       |       ||    78
